 Dungeon Crawl Stone Soup version 0.19-a0-1714-gcab94ab (webtiles) character file.

675911 Theye the Timeless (level 27, -11/260 HPs)
             Began as a Naga Fighter on Sept 28, 2016.
             Was a High Priest of Cheibriados.
             Killed from afar by an orb of fire (46 damage)
             ... with a fireball
             ... on level 1 of the Realm of Zot.
             The game lasted 02:11:56 (64885 turns).

Theye the Timeless (Naga Fighter)                  Turns: 64885, Time: 02:11:56

Health: -11/260    AC: 54    Str: 30 (31) XL:     27
Magic:  49/53      EV: 12    Int: 39 (40) God:    Cheibriados [*****.]
Gold:   3943       SH: 39    Dex: 31      Spells: 5 memorised, 32 levels left

rFire  + . .     SeeInvis +     T - +9 demon blade (freeze)
rCold  + + +     Gourm    .     F - +14 chain mail of the Tarantula {rCorr}
rNeg   + . .     Faith    .     x - +8 large shield
rPois  +         Spirit   .     H - +3 hat of Pondering {ponderous, MR+ MP+10 Int+5}
rElec  +         Dismiss  .     j - +2 cloak {rPois}
rCorr  +         Reflect  +     C - +2 pair of gloves
MR     ++++.     Harm     .     A - +4 naga barding {rC+}
Stlth  .......... Clarity  +    e - amulet "Tuonk" {Reflect rC+ SH+6} Rnd*Tele +
                                a - ring "Orourchung" {rF+ rN+ Str-4 Int+2 Dex+3}
                                V - ring of Sola {rElec rPois rC+ Int+6}

@: very slow
A: yellow scales 1, see invisible, clarity, clever 1, clumsy 1, deformed body,
deterioration 1, poison resistance, electricity resistance, slowness 2, slow
metabolism 1, spit poison 1, teleportitis 1, wild magic 1, constrict 1, AC +9
a: Spit Poison, Bend Time, Temporal Distortion, Slouch, Step From Time, Renounce
Religion
}: 3/15 runes: serpentine, barnacled, silver


You were on level 1 of the Realm of Zot.
You worshipped Cheibriados.
Cheibriados was extremely pleased with you.
You were not hungry.

You visited 12 branches of the dungeon, and saw 50 of its levels.
You visited 3 bazaars.
You also visited: Ice Cave, Volcano and Desolation.

You collected 8215 gold pieces.
You spent 4272 gold pieces at shops.

Inventory:

Hand Weapons
 O - a +5 demon blade of electrocution
 S - a +2 eudemon blade of holy wrath
 T - a +9 demon blade of freezing (weapon)
Armour
 d - a +0 gold dragon armour
 j - a +2 cloak of poison resistance (worn)
 x - a +8 large shield (worn)
 A - a +4 naga barding of cold resistance (worn)
 C - a +2 pair of gloves (worn)
 F - the +14 chain mail of the Tarantula (worn) {rCorr}
   (You bought it in a shop on level 9 of the Dungeon)

   It protects you from acid and corrosion.
 H - the +3 hat of Pondering (worn) {ponderous, MR+ MP+10 Int+5}
   (You took it off Gastronok on level 1 of the Lair of Beasts)

   It affects your intelligence (+5).
   It affects your resistance to hostile enchantments.
   It affects your magic capacity (+10).
Jewellery
 a - the ring "Orourchung" (right hand) {rF+ rN+ Str-4 Int+2 Dex+3}
   (You took it off a vampire knight on level 3 of the Crypt)

   [ring of positive energy]

   It affects your strength (-4).
   It affects your intelligence (+2).
   It affects your dexterity (+3).
   It protects you from fire.
   It protects you from negative energy.
 e - the amulet "Tuonk" (around neck) {Reflect rC+ SH+6}
   (You found it on level 4 of the Depths)

   [amulet of reflection]

   It shields you and reflects attacks.
   It protects you from cold.
   It affects your SH (+6).
 l - the ring "Xaro Lut" {rElec rPois rN+ Str+2 Slay+2}
   (You took it off a crimson imp on level 8 of the Dungeon)

   [ring of positive energy]

   It affects your strength (+2).
   It affects your accuracy and damage with ranged weapons and melee attacks
   (+2).
   It insulates you from electricity.
   It protects you from poison.
   It protects you from negative energy.
 I - the amulet of Vitality {Regen+ HP+15}
   (You found it on level 14 of the Dungeon)

   [amulet of regeneration]

   It affects your health (+15).
   It increases your rate of regeneration.
 V - the ring of Sola (left hand) {rElec rPois rC+ Int+6}
   (You found it in the Desolation of Salt)

   [ring of poison resistance]

   It affects your intelligence (+6).
   It protects you from cold.
   It insulates you from electricity.
   It protects you from poison.
Wands
 i - a wand of digging (12/24)
 B - a wand of heal wounds (6/9)
 M - a wand of acid (9/15)
Scrolls
 c - 3 scrolls of magic mapping
 k - 16 scrolls of teleportation
 n - 5 scrolls of silence
 p - 4 scrolls of immolation
 r - 9 scrolls of recharging
 s - 20 scrolls of remove curse
 t - 15 scrolls of amnesia
 u - 6 scrolls of fear
 v - 9 scrolls of blinking
 E - 12 scrolls of fog
 L - 19 scrolls of identify
 N - a scroll of holy word
Potions
 b - 2 potions of cancellation
 m - 3 potions of flight
 o - 2 potions of invisibility
 q - 7 potions of mutation
 w - 5 potions of brilliance
 z - 3 potions of resistance
 D - 2 potions of magic
 J - 8 potions of cure mutation
 Q - 15 potions of curing
 U - 3 potions of agility
 Y - 2 potions of heal wounds
 Z - 6 potions of might
Miscellaneous
 W - 2 sacks of spiders
 X - a box of beasts
Comestibles
 f - 32 bread rations
 g - 19 meat rations
 G - 34 fruits
 R - 18 beef jerkies


   Skills:
 - Level 17.8 Fighting
 - Level 19.6 Long Blades
   Level 13.0 Maces & Flails
 - Level 11.4 Armour
 - Level 7.8 Dodging
 - Level 18.5 Shields
 * Level 16.7 Spellcasting
 - Level 3.0 Conjurations
 - Level 11.4 Necromancy
 * Level 18.4 Air Magic
 + Level 23.1 Invocations


You had 32 spell levels left.
You knew the following spells:

 Your Spells              Type           Power        Failure   Level  Hunger
a - Lightning Bolt        Conj/Air       ########..   2%          5    None
b - Tornado               Air            ########..   98%         9    ######.
c - Regeneration          Chrm/Necr      #######...   2%          3    None
d - Blink                 Tloc           N/A          10%         2    None
e - Necromutation         Tmut/Necr      #######...   100%        8    ####...


Dungeon Overview and Level Annotations

Branches:
Dungeon (15/15)            Temple (1/1) D:6            Lair (6/6) D:8
 Shoals (4/4) Lair:3        Snake (4/4) Lair:3        Slime (0/5) Lair:6
    Orc (2/2) D:12            Elf (3/3) Orc:2        Vaults (5/5) D:14
  Crypt (3/3) Vaults:3       Tomb (1/3) Crypt:3      Depths (5/5) D:15
    Zot (1/5) Depths:5

Altars:
Ashenzari
Cheibriados
Dithmenos
Elyvilon
Fedhas
Gozag
Kikubaaqudgha
Makhleb
Sif Muna
Vehumet
Xom
Yredelemnul

Shops:
D:5 *(*=?   D:9 [   Orc:2 %?[:   Elf:2 :(*[   Elf:3 [   Shoals:1 (*((
Shoals:3 ?   Snake:2 [   Snake:4 (

Portals:
Hell: Depths:1 Depths:2 Depths:3 Depths:4 Depths:5
Abyss: Depths:3 Depths:4
Pandemonium: Orc:2 Depths:3
Ziggurat: Depths:4

Annotations:
D:12 1 exclusion
Lair:6 exclusion: 3 oklob plants


Innate Abilities, Weirdness & Mutations

You cannot wear boots.
Your serpentine skin is tough. (AC +9)
You have supernaturally acute eyesight. (SInv)
Armour fits poorly on your strangely shaped body.
Your system is resistant to poisons. (rPois)
You cover ground very slowly.
You have a slow metabolism.
You can spit poison.
You can use your snake-like lower body to constrict enemies.
You are partially covered in yellow scales. (AC +2)
You possess an exceptional clarity of mind.
Your mind is acute. (Int +2)
You are clumsy. (Dex -2)
Your body sometimes deteriorates upon taking damage.
You are resistant to electric shocks. (rElec)
You are occasionally teleported next to monsters.
Your spells are a little harder to cast, but a little more powerful.


Message History

You closely miss the orb of fire.
The orb of fire is heavily damaged.
Your larval oxfire beast completely misses the orb of fire.
Your larval oxfire beast barely misses the orb of fire.
Unknown command.
Unknown command.
You barely miss the orb of fire.
The orb of fire is heavily damaged.
The orb of fire glows yellow.
The fireball explodes!
The fireball engulfs you! You resist.
* * * LOW HITPOINT WARNING * * *
The fireball engulfs the orb of fire.
The orb of fire completely resists.
Your larval oxfire beast hits the orb of fire but does no damage.
Your larval oxfire beast completely misses the orb of fire.
Unknown command.
You miss the orb of fire.
The orb of fire is heavily damaged.
The orb of fire glows yellow.
The fireball explodes!
The fireball engulfs you! You resist.
You die...

#...##...#.....
###...##...#.....
#.....######....#
#.....# #..?.#
#....[# ##...#
######...#
####...#
#...##...#
#.......
#........#
#.......
#..@*....#
#......)
####.H...#
#.....)) ###...#
#....... #...#
###...†# #...#
#......# #...#
#......# ...#
#......# .#
####...# #...#


You could see an orb of fire and a friendly larval oxfire beast.

Vanquished Creatures
  6 ancient liches
  Mara (Elf:3)
  Mennas (Vaults:5)
  A greater mummy (Tomb:1)
  Sojobo (Vaults:3)
  A shard shrike (shapeshifter) (Depths:4)
  Saint Roka (Orc:2)
  A caustic shrike (Depths:4)
  Nikola (Shoals:1)
  Jory (Crypt:3)
  3 golden dragons
  An electric golem (Zot:1)
  A bone dragon (Crypt:3)
  Jorgrun (Vaults:3)
  Rupert (D:14)
  12 tentacled monstrosities
  Asterion (Vaults:3)
  5 titans
  3 deep elf blademasters
  7 liches
  2 quicksilver dragons (Vaults:5)
  Polyphemus (Shoals:4)
  2 deep elf master archers (Elf:3)
  A kraken (Shoals:4)
  10 sphinxes
  Gastronok (Lair:1)
  4 ancient champions
  3 death cobs (Zot:1)
  A thorn hunter (Depths:3)
  Frances (Shoals:1)
  Kirke (D:14)
  7 storm dragons
  8 tengu reavers
  5 shadow dragons
  Ilsuiw (Shoals:4)
  Roxanne (D:14)
  4 revenants
  11 fire giants
  9 nagarajas
  A draconian monk (Depths:5)
  19 vault wardens
  3 iron dragons
  A draconian knight (Zot:1)
  An imperial myrmidon (Desolation)
  10 deep elf sorcerers
  9 frost giants
  2 orc warlords
  A caustic shrike zombie (Depths:3)
  Aizul (Snake:3)
  2 curse skulls (Crypt:3)
  A draconian scorcher (Zot:1)
  5 deep elf elementalists
  6 war gargoyles
  2 juggernaut zombies
  8 ghouls
  A draconian zealot (Zot:1)
  16 ironheart preservers
  2 draconian callers
  49 very ugly things
  A spriggan defender (Depths:1)
  A juggernaut skeleton (Crypt:1)
  An entropy weaver (Vaults:3)
  23 stone giants
  5 black draconians
  12 vampire knights
  7 deep elf demonologists
  4 purple draconians (Zot:1)
  3 halazid warlocks (Desolation)
  9 spark wasps
  2 red draconians (Zot:1)
  9 deep elf annihilators
  5 eidola
  4 mottled draconians
  2 pale draconians (Depths:5)
  A merfolk javelineer (Shoals:4)
  Snorg (Orc:2)
  8 white draconians
  8 deep elf death magi
  2 crystal guardians (Desolation)
  The ghost of Vasilisck the Fighter, a journeyman DsFi of Qazlal (IceCv)
  Josephine (Shoals:1)
  A blizzard demon (Depths:3)
  14 fire dragons
  17 ettins
  6 ragged hierophants
  Harold (Lair:1)
  8 mummy priests
  A minotaur (shapeshifter) (Vaults:1)
  A small abomination (Vaults:5)
  8 deep elf high priests
  14 yaktaur captains
  18 merfolk impalers
  10 jiangshi
  2 servants of whispers (Desolation)
  5 rakshasas
  5 peacekeepers (Desolation)
  25 naga warriors
  12 ice dragons
  33 vault guards
  9 great orbs of eyes
  6 spriggan air magi
  3 merfolk aquamancers
  8 merfolk avatars
  A hell beast (Depths:1)
  7 centaur warriors
  6 hydras
  The ghost of kae the Fencer, a journeyman FoFi of Makhleb (D:10)
  3 catoblepae
  34 dancing weapons
  5 large abominations
  3 alligator snapping turtles
  3 satyrs
  2 alligators (Depths:3)
  10 deep troll shamans
  A hellephant zombie (Crypt:2)
  8 anacondas
  9 death scarabs (Tomb:1)
  24 ogre magi
  16 deep troll earth magi
  16 death yaks
  5 tengu warriors
  6 spriggan berserkers
  9 orc high priests
  8 vampire magi
  10 naga sharpshooters
  9 shock serpents
  Sonja (Lair:4)
  26 deep elf knights
  4 sun demons
  A shock serpent (shapeshifter) (Depths:2)
  5 soul eaters
  2 titan skeletons (Crypt:3)
  A fire crab (shapeshifter) (Depths:2)
  A hell knight (Vaults:5)
  3 shadow wraiths
  An anaconda zombie (Crypt:1)
  40 skeletal warriors
  An entropy weaver zombie (Crypt:2)
  2 iron trolls (Depths:2)
  15 hill giants
  A golden dragon zombie (Crypt:3)
  A swamp dragon (Depths:3)
  An infernal demonspawn (Orc:2)
  20 sea snakes
  A glowing orange brain (shapeshifter) (Depths:4)
  An obsidian statue (Depths:1)
  A tengu zombie (Depths:3)
  10 flayed ghosts
  2 gelid demonspawn (Orc:2)
  2 glowing orange brains
  53 deep trolls
  The ghost of st0uf the Skirmisher, a novice NaFi (D:6)
  3 naga ritualists
  15 harpies
  16 deep elf archers
  A torturous demonspawn (Orc:2)
  A kraken simulacrum (Shoals:4)
  3 phantasmal warriors
  Pikel (D:6)
  2 harpies (shapeshifter)
  18 orc knights
  An iron giant skeleton (Crypt:1)
  6 wizards
  18 ironbrand convokers
  73 deep elf magi
  10 salamanders
  5 necromancers
  A wolf spider zombie (Crypt:3)
  A wolf spider (shapeshifter) (D:14)
  5 mana vipers
  8 wolf spiders
  An oklob plant (Lair:6)
  An orb spider (shapeshifter) (Depths:1)
  10 cyclopes
  A stone giant zombie (Depths:3)
  A tengu skeleton (Depths:3)
  73 ugly things
  3 fire giant zombies
  A faun (shapeshifter) (Depths:3)
  6 orc sorcerers
  5 moths of wrath (Zot:1)
  3 hornets
  20 fauns
  An iron dragon skeleton (Depths:3)
  11 manticores
  25 black mambas
  22 guardian serpents
  A frost giant skeleton (Depths:3)
  15 elephants
  7 water nymphs
  Psyche (D:8)
  2 rust devils
  A stone giant skeleton (Crypt:3)
  17 vault sentinels
  8 fire giant skeletons
  6 sirens
  25 naga magi
  A green draconian zombie (Crypt:1)
  A molten gargoyle (Desolation)
  A white draconian zombie (Crypt:2)
  6 gargoyles
  A spiny frog (shapeshifter) (Depths:5)
  8 spiny frogs
  An ice statue (IceCv)
  An elephant slug zombie (Crypt:1)
  15 komodo dragons
  8 freezing wraiths
  An efreet (D:15)
  6 rime drakes
  36 yaktaurs
  2 kobold demonologists
  4 ice devils
  A yaktaur skeleton (Vaults:5)
  A queen bee (Lair:5)
  7 tengu conjurers
  A troll (shapeshifter) (Vaults:4)
  A yaktaur (shapeshifter) (Depths:4)
  11 guardian mummies
  3 meliai (Lair:5)
  2 jumping spiders (shapeshifter) (Vaults:5)
  A queen bee (shapeshifter) (Depths:5)
  A meliai (shapeshifter) (Vaults:5)
  A harpy zombie (Crypt:1)
  35 merfolk
  35 two-headed ogres
  12 trolls
  9 wind drakes
  23 polar bears
  2 two-headed ogres (shapeshifter) (Depths:2)
  A raiju (shapeshifter) (Vaults:1)
  A blink frog (shapeshifter) (Depths:5)
  18 blink frogs
  2 fire dragon zombies
  5 snapping turtles
  38 saltlings
  A spriggan zombie (Depths:3)
  An ettin zombie (Crypt:1)
  10 hippogriffs
  3 hydra skeletons
  45 slime creatures
  2 bog bodies
  A frost giant simulacrum (Vaults:3)
  9 dream sheep
  3 raiju (Lair:6)
  9 flying skulls
  2 spriggans (shapeshifter)
  4 spriggans
  13 air elementals
  An alligator skeleton (Crypt:3)
  4 shadows
  A tarantella (shapeshifter) (Vaults:4)
  9 water elementals
  An ettin skeleton (Crypt:3)
  13 fire dragon skeletons
  2 spriggan skeletons
  6 vampires (Crypt:3)
  An orc simulacrum (Vaults:2)
  A spriggan simulacrum (Depths:3)
  13 wraiths
  A human (D:8)
  2 ushabtiu (Tomb:1)
  7 basilisks
  4 fire bats (D:12)
  5 wyverns
  4 hungry ghosts
  A ynoxinul (Orc:2)
  A yak (shapeshifter) (Vaults:1)
  56 yaks
  10 hogs
  A chaos spawn (Orc:2)
  A yaktaur simulacrum (Vaults:3)
  6 steam dragons
  4 vampire mosquitoes
  An infernal demonspawn zombie (Crypt:2)
  Menkaure (D:5)
  5 mottled dragons
  2 wargs (shapeshifter)
  66 nagas
  17 wargs
  A porcupine (shapeshifter) (Depths:2)
  A gelid demonspawn skeleton (Crypt:2)
  7 hell hounds
  12 water moccasins
  A floating eye (Depths:4)
  12 porcupines
  A swamp drake (Lair:6)
  The ghost of st0uf the Skirmisher, an amateur NaMo (D:4)
  66 orc warriors
  6 sky beasts
  3 ice beasts
  A slave (D:6)
  A black bear (shapeshifter) (Vaults:1)
  18 black bears
  2 snapping turtle skeletons
  5 wasps
  7 necrophages
  8 phantoms
  2 eyes of draining
  6 boggarts
  25 wolves
  A swamp dragon skeleton (Tomb:1)
  96 ogres
  12 centaurs
  26 crocodiles
  A big kobold (D:14)
  5 earth elementals
  4 elf zombies
  15 bullfrogs
  A wyvern skeleton (D:10)
  12 scorpions
  24 killer bees
  A water moccasin skeleton (D:8)
  21 wights
  A troll skeleton (Crypt:2)
  A yak skeleton (Crypt:1)
  2 howler monkeys
  7 electric eels (Snake:1)
  20 crimson imps
  4 centaur zombies
  2 human simulacra
  19 hounds
  3 iron imps
  9 jellies
  2 bullfrog skeletons
  A bullfrog zombie (D:6)
  A gnoll shaman (D:9)
  47 orc priests
  A human zombie (Tomb:1)
  38 orc wizards
  Crazy Yiuf (D:5)
  9 centaur skeletons
  8 iguanas
  Natasha (thrice) (D:3)
  11 worker ants
  A hound skeleton (D:6)
  2 howler monkey zombies
  16 mummies
  7 gnolls
  3 worker ant zombies
  16 adders
  12 river rats
  6 shadow imps
  A white imp (Depths:5)
  An adder skeleton (D:7)
  An adder zombie (D:9)
  A worm (D:2)
  3 dart slugs
  5 leopard geckos
  153 orcs
  8 bats
  A giant cockroach (D:2)
  10 goblins
  9 hobgoblins
  7 jackals
  4 quokkas
  3 ball pythons
  5 frilled lizards
  A frilled lizard skeleton (Crypt:2)
  2 jackal skeletons
  A jackal zombie (D:5)
  6 kobolds
  2 leopard gecko skeletons
  7 rats
  A briar patch (Depths:3)
  4 crawling corpses (Vaults:5)
  A fungus (Elf:2)
  2 plants
  3 tentacles (Shoals:4)
2981 creatures vanquished.

Vanquished Creatures (others)
  A lich (Vaults:5)
  A tengu reaver (Vaults:5)
  A fire giant (Vaults:5)
  7 stone giants
  A merfolk javelineer (Shoals:4)
  12 yaktaur captains
  9 centaur warriors
  A death yak (IceCv)
  3 naga sharpshooters
  A satyr (Shoals:3)
  A deep troll (Depths:3)
  A wizard (Vaults:3)
  5 deep elf archers
  A manticore (Shoals:3)
  5 cyclopes
  3 fauns
  A naga mage (Snake:4)
  36 yaktaurs
  A polar bear (IceCv)
  A dream sheep (Shoals:4)
  3 yaks (IceCv)
  3 humans (D:14)
  2 nagas
  2 orc warriors
  A slave (D:6)
  A wolf (IceCv)
  An ogre (Vaults:3)
  5 centaurs
  A bullfrog (D:6)
  A bullfrog skeleton (D:12)
  2 worker ants
  A hound skeleton (D:6)
  4 orcs
  A briar patch (Depths:3)
  8 fungi
  38 plants
  10 tentacles (Shoals:4)
  12 withered plants (Crypt:3)
188 creatures vanquished.

Grand Total: 3169 creatures vanquished

Notes
Turn   | Place    | Note
-------+----------+-------------------------------------------
     0 | D:1      | Theye the Naga Fighter began the quest for the Orb.
     0 | D:1      | Reached XP level 1. HP: 21/21 MP: 1/1
   126 | D:1      | Reached XP level 2. HP: 16/28 MP: 2/2
   942 | D:2      | Reached XP level 3. HP: 34/34 MP: 3/3
  1829 | D:3      | Reached XP level 4. HP: 33/42 MP: 4/4
  1839 | D:3      | Reached XP level 5. HP: 18/49 MP: 5/5
  2171 | D:3      | Noticed Natasha
  2188 | D:3      | Killed Natasha
  2364 | D:3      | Found a shimmering altar of Xom.
  2364 | D:3      | Noticed Natasha
  2376 | D:3      | Killed Natasha
  2774 | D:3      | Reached XP level 6. HP: 56/56 MP: 6/6
  2775 | D:3      | Noticed Natasha
  2798 | D:3      | Killed Natasha
  3534 | D:4      | Reached skill level 5 in Shields
  3786 | D:4      | Found a burning altar of Makhleb.
  3790 | D:4      | Found an opulent altar of Gozag.
  3795 | D:4      | Found a shattered altar of Ashenzari.
  3872 | D:4      | Noticed st0uf's ghost (amateur NaMo)
  3884 | D:4      | Reached XP level 7. HP: 57/62 MP: 7/7
  3900 | D:4      | Killed st0uf's ghost
  4807 | D:5      | Entered Level 5 of the Dungeon
  4823 | D:5      | Found Mubbetol's Magic Scroll Emporium.
  4853 | D:5      | Bought a scroll of blinking for 105 gold pieces
  4860 | D:5      | Found Oledenes's Jewellery Shop.
  4878 | D:5      | Noticed Menkaure
  4891 | D:5      | Reached XP level 8. HP: 32/69 MP: 8/8
  4894 | D:5      | Killed Menkaure
  5557 | D:5      | Found Tynner's Assorted Antiques.
  5561 | D:5      | Bought a potion of curing for 87 gold pieces
  5627 | D:5      | Found Liuj's General Store.
  5655 | D:5      | Gained mutation: You are resistant to electric shocks. (rElec) [potion of mutation]
  5655 | D:5      | Gained mutation: You possess an exceptional clarity of mind. [potion of mutation]
  5655 | D:5      | Gained mutation: Your body sometimes deteriorates upon taking damage. [potion of mutation]
  5690 | D:5      | Found Zank's Weapon Shop.
  5720 | D:5      | Got a twisted whip
  5721 | D:5      | Identified the +3 whip of Iplufu {freeze, rElec rN+ Dex+3} (You found it on level 5 of the Dungeon)
  5940 | D:5      | Found a runed door.
  6109 | D:5      | Noticed Crazy Yiuf
  6112 | D:5      | Killed Crazy Yiuf
  6533 | D:6      | Noticed st0uf's ghost (novice NaFi)
  6942 | D:6      | HP: 1/69 [st0uf's ghost (8)]
  6950 | D:6      | Killed st0uf's ghost
  6950 | D:6      | Reached XP level 9. HP: 5/76 MP: 9/9
  7375 | D:6      | Noticed Pikel
  7439 | D:6      | Killed Pikel
  7439 | D:6      | Reached skill level 1 in Dodging
  7562 | D:6      | Found a staircase to the Ecumenical Temple.
  7701 | Temple   | Entered the Ecumenical Temple
  7709 | Temple   | Became a worshipper of Cheibriados the Contemplative
  7795 | D:6      | Gained mutation: Your mind is acute. (Int +2) [mutagenic meat]
  7848 | D:6      | Learned a level 5 spell: Lightning Bolt
  7982 | D:7      | Reached skill level 5 in Maces & Flails
  8274 | D:7      | Reached XP level 10. HP: 58/87 MP: 10/10
  8559 | D:7      | Reached * piety under Cheibriados
  8817 | D:8      | Noticed Psyche
  8830 | D:8      | Killed Psyche
  9135 | D:8      | Noticed a cyclops
  9136 | D:8      | Noticed a catoblepas
  9519 | D:8      | Got a scorched jade ring
  9520 | D:8      | Identified the ring of Tomuxzuc {rElec EV+4} (You found it on level 8 of the Dungeon)
  9548 | D:8      | Noticed a death knight
 10169 | D:8      | Noticed a six-headed hydra
 10184 | D:8      | Killed a six-headed hydra
 10184 | D:8      | Reached skill level 5 in Armour
 10201 | D:8      | Got a sparkling copper ring
 10204 | D:8      | Identified the ring "Xaro Lut" {rElec rPois rN+ Str+2 Slay+2} (You took it off a crimson imp on level 8 of the Dungeon)
 10408 | D:8      | Reached skill level 5 in Fighting
 10420 | D:8      | Reached ** piety under Cheibriados
 10570 | D:8      | Found a staircase to the Lair.
 10646 | D:9      | Reached XP level 11. HP: 49/96 MP: 11/11
 10664 | D:9      | Reached *** piety under Cheibriados
 10920 | D:9      | Reached skill level 1 in Invocations
 11020 | D:9      | Reached **** piety under Cheibriados
 11292 | D:9      | Found Qeffo's Antique Armour Emporium.
 11300 | D:9      | Bought a smelly chain mail for 342 gold pieces
 11310 | D:9      | Identified the +14 chain mail of the Tarantula {rCorr} (You bought it in a shop on level 9 of the Dungeon)
 11383 | D:9      | Reached skill level 2 in Invocations
 11469 | D:10     | Entered Level 10 of the Dungeon
 11485 | D:10     | Noticed kae's ghost (journeyman FoFi)
 11535 | D:10     | Killed kae's ghost
 11824 | D:10     | Reached skill level 3 in Invocations
 11976 | D:10     | Reached ***** piety under Cheibriados
 12338 | D:8      | Killed a catoblepas
 12338 | D:8      | Reached skill level 4 in Invocations
 12862 | D:11     | Noticed a hill giant
 12874 | D:11     | Killed a hill giant
 12874 | D:11     | Reached skill level 10 in Maces & Flails
 12874 | D:11     | Reached XP level 12. HP: 106/106 MP: 15/15
 13578 | D:12     | Reached skill level 5 in Invocations
 13902 | D:12     | Found a staircase to the Orcish Mines.
 14162 | D:12     | Reached skill level 6 in Invocations
 14644 | D:12     | Got a pearl-encrusted ring mail
 14655 | D:12     | Identified the +0 ring mail of Tehev {rPois rN+++ Int+5} (You took it off an orc on level 12 of the Dungeon)
 14694 | Orc:1    | Entered Level 1 of the Orcish Mines
 14770 | Orc:1    | Noticed an orc warlord
 14783 | Orc:1    | Reached skill level 5 in Dodging
 14783 | Orc:1    | Gained mutation: You can use your snake-like lower body to constrict enemies. [Naga growth]
 14783 | Orc:1    | Reached XP level 13. HP: 91/117 MP: 11/18
 14783 | Orc:1    | Reached skill level 7 in Invocations
 14790 | Orc:1    | Killed an orc warlord
 14951 | Orc:1    | Noticed a stone giant
 14953 | Orc:1    | Killed a stone giant
 14992 | Orc:1    | Reached ****** piety under Cheibriados
 15330 | Orc:2    | Entered Level 2 of the Orcish Mines
 15449 | Orc:2    | Found Utsi's Magic Scroll Boutique.
 15452 | Orc:2    | Found Aqiub's Food Shop.
 15540 | Orc:2    | Reached skill level 8 in Invocations
 15686 | Orc:2    | Bought a scroll of teleportation for 36 gold pieces
 15686 | Orc:2    | Bought a scroll of teleportation for 36 gold pieces
 15710 | Orc:2    | Bought a scroll of recharging for 114 gold pieces
 15762 | Orc:2    | Noticed Saint Roka
 15794 | Orc:2    | Killed Saint Roka
 16139 | Orc:2    | Noticed Snorg
 16149 | Orc:2    | Killed Snorg
 16186 | Orc:2    | Found a staircase to the Elven Halls.
 16236 | Orc:2    | Reached skill level 9 in Invocations
 16331 | Orc:2    | Reached XP level 14. HP: 90/129 MP: 14/20
 16396 | Orc:2    | Reached skill level 10 in Invocations
 16864 | Orc:2    | Reached skill level 10 in Fighting
 16979 | Orc:2    | Found Ynteusch's Book Emporium.
 16979 | Orc:2    | Found a one-way gate leading to the halls of Pandemonium.
 16979 | Orc:2    | Found User's Antique Armour Shoppe.
 17263 | Lair:1   | Entered Level 1 of the Lair of Beasts
 17268 | Lair:1   | Noticed Harold
 17277 | Lair:1   | Killed Harold
 17348 | Lair:1   | Noticed Gastronok
 17363 | Lair:1   | Killed Gastronok
 17687 | Lair:1   | Reached skill level 5 in Long Blades
 18668 | Lair:3   | Found a staircase to the Shoals.
 18699 | Lair:3   | Found a frozen archway.
 18716 | IceCv    | Entered an ice cave
 18816 | IceCv    | Reached skill level 11 in Invocations
 18881 | IceCv    | Reached XP level 15. HP: 140/140 MP: 23/23
 18958 | IceCv    | Noticed Vasilisck's ghost (journeyman DsFi)
 18971 | IceCv    | Killed Vasilisck's ghost
 19080 | IceCv    | Noticed a frost giant
 19099 | IceCv    | Killed a frost giant
 19755 | Lair:3   | Found a staircase to the Snake Pit.
 20343 | Lair:4   | Found a dark tunnel.
 20350 | Volcano  | Entered a volcano
 20850 | Lair:4   | Noticed Sonja
 20855 | Lair:4   | Reached skill level 10 in Long Blades
 20855 | Lair:4   | Killed Sonja
 20963 | Lair:4   | Learned a level 9 spell: Tornado
 22174 | Lair:6   | Entered Level 6 of the Lair of Beasts
 22204 | Lair:6   | Reached XP level 16. HP: 130/150 MP: 21/24
 22691 | Lair:6   | Found a staircase to the Slime Pits.
 22937 | Lair:6   | Reached skill level 12 in Invocations
 23847 | D:13     | Found a shimmering altar of Xom.
 24353 | D:13     | Reached skill level 1 in Air Magic
 24533 | D:14     | Found a shadowy altar of Dithmenos.
 24582 | D:14     | Reached skill level 1 in Conjurations
 24699 | D:14     | Found a gate to the Vaults.
 24780 | D:14     | Noticed Kirke
 24796 | D:14     | Killed Kirke
 24890 | D:14     | Identified the Tome of the Ensnaring Snowflakes
 25130 | D:14     | HP: 1/150 [reaper/scythe of slicing[a mummy priest's death curse] (8)]
 25596 | D:14     | Noticed Rupert
 25604 | D:14     | Killed Rupert
 25921 | D:14     | Noticed Roxanne
 25939 | D:14     | Killed Roxanne
 26360 | D:15     | Entered Level 15 of the Dungeon
 26449 | D:15     | Reached XP level 17. HP: 157/157 MP: 26/26
 26463 | D:15     | Gained mutation: You are partially covered in yellow scales. (AC +2) [potion of beneficial mutation]
 26738 | D:15     | Found a staircase to the Depths.
 27240 | Snake:1  | Entered Level 1 of the Snake Pit
 27322 | Snake:1  | Found a flickering gateway to a bazaar.
 27331 | Bazaar   | Entered a bazaar
 27331 | Bazaar   | Found Hiotuil's General Store.
 27331 | Bazaar   | Found Estoc's Gadget Boutique.
 27332 | Bazaar   | Found Epli's Food Shop.
 27372 | Bazaar   | Found Ofituif's Distillery.
 27379 | Bazaar   | Bought 2 potions of invisibility for 160 gold pieces
 27379 | Bazaar   | Bought a potion of might for 40 gold pieces
 27379 | Bazaar   | Bought 2 potions of cure mutation for 500 gold pieces
 27381 | Bazaar   | Found Deenub's Magic Scroll Boutique.
 27389 | Bazaar   | Bought a scroll of teleportation for 36 gold pieces
 27389 | Bazaar   | Bought a scroll of blinking for 90 gold pieces
 27413 | Bazaar   | Bought 3 scrolls of enchant armour for 315 gold pieces
 27974 | Snake:1  | Reached skill level 1 in Spellcasting
 28416 | Snake:2  | Found Ukonteh's Specialty Armours.
 28420 | Snake:2  | Bought a +2 naga barding of cold resistance for 560 gold pieces
 28931 | Snake:2  | Reached skill level 10 in Armour
 29803 | Snake:3  | Noticed Aizul
 29810 | Snake:3  | Killed Aizul
 30086 | Snake:3  | Reached skill level 13 in Invocations
 30594 | Snake:3  | Reached XP level 18. HP: 167/168 MP: 27/27
 30610 | Snake:3  | Reached skill level 5 in Air Magic
 30623 | Snake:3  | Reached skill level 10 in Shields
 30892 | Snake:4  | Entered Level 4 of the Snake Pit
 30938 | Snake:4  | Found Netomink's Weapon Shoppe.
 32467 | Snake:4  | Reached skill level 5 in Spellcasting
 32529 | Snake:4  | Got a serpentine rune of Zot
 32758 | Shoals:1 | Entered Level 1 of the Shoals
 32759 | Shoals:1 | Noticed Nikola
 32769 | Shoals:1 | Killed Nikola
 32796 | Shoals:1 | Reached XP level 19. HP: 156/175 MP: 29/29
 32816 | Shoals:1 | Found Hiryotuf's General Store.
 32830 | Shoals:1 | Found Xor Zuel's Antique Weapon Boutique.
 33035 | Shoals:1 | Noticed Frances
 33036 | Shoals:1 | Found Xilim's Weapon Shop.
 33041 | Shoals:1 | Killed Frances
 33112 | Shoals:1 | Bought a scroll of magic mapping for 38 gold pieces
 33292 | Shoals:1 | Found Niutz's Antique Weapon Emporium.
 33359 | Shoals:1 | Identified the Catalogue of Flight
 33450 | Shoals:1 | Noticed Josephine
 33462 | Shoals:1 | Killed Josephine
 35186 | Vaults:1 | Entered Level 1 of the Vaults
 36043 | Vaults:1 | Found a radiant altar of Vehumet.
 36058 | Vaults:1 | Got a crude hat
 36060 | Vaults:1 | Got a transparent hat
 36061 | Vaults:1 | Identified the cursed +0 hat of Vanity {rF+ rCorr} (You found it on level 1 of the Vaults)
 36062 | Vaults:1 | Identified the +3 hat "Forget-Me-Not" {*Contam rN+ Dex+7} (You found it on level 1 of the Vaults)
 36105 | Vaults:1 | Got a steaming hat
 36116 | Vaults:1 | Identified the cursed +0 hat of Bapnacvob {rF+ rCorr MP-9} (You found it on level 1 of the Vaults)
 36216 | Vaults:1 | Reached skill level 15 in Shields
 36263 | Vaults:1 | Reached XP level 20. HP: 146/182 MP: 30/30
 37168 | Vaults:2 | Reached skill level 15 in Long Blades
 37175 | Vaults:2 | Reached skill level 14 in Invocations
 37277 | Vaults:2 | Learned a level 3 spell: Regeneration
 37549 | Vaults:2 | Reached skill level 1 in Necromancy
 38721 | Vaults:3 | Found a flickering gateway to a bazaar.
 38730 | Bazaar   | Entered a bazaar
 38731 | Bazaar   | Found Zil Raa's Assorted Antiques.
 38748 | Bazaar   | Found Nagos's Food Shoppe.
 38753 | Bazaar   | Found Jari's Jewellery Shop.
 38760 | Bazaar   | Found Ythruopn's Food Emporium.
 38765 | Bazaar   | Found Suon's General Store.
 38803 | Bazaar   | Bought a scroll of enchant armour for 82 gold pieces
 38803 | Bazaar   | Bought an embroidered cloak for 49 gold pieces
 38990 | Vaults:3 | Noticed Sojobo
 38998 | Vaults:3 | Killed Sojobo
 38998 | Vaults:3 | Reached XP level 21. HP: 198/198 MP: 31/31
 39051 | Vaults:3 | Noticed Asterion
 39060 | Vaults:3 | Killed Asterion
 39072 | Vaults:3 | Noticed Jorgrun
 39087 | Vaults:3 | Killed Jorgrun
 39580 | Vaults:3 | Found a staircase to the Crypt.
 39580 | Vaults:3 | Found an ancient bone altar of Kikubaaqudgha.
 39581 | Vaults:3 | Found a basalt altar of Yredelemnul.
 40364 | Vaults:4 | Reached skill level 15 in Fighting
 40457 | Vaults:4 | Reached skill level 5 in Necromancy
 41243 | Vaults:4 | Reached XP level 22. HP: 194/210 MP: 33/33
 41465 | Elf:1    | Entered Level 1 of the Elven Halls
 41535 | Elf:1    | Found a flickering gateway to a bazaar.
 41545 | Bazaar   | Entered a bazaar
 41548 | Bazaar   | Found Burel's Distillery.
 41582 | Bazaar   | Found Ostroteos's General Store.
 41612 | Bazaar   | Found Badahoa's Antique Armour Shop.
 41612 | Bazaar   | Found Nosori's Armour Boutique.
 41636 | Bazaar   | Bought a potion of agility for 68 gold pieces
 41636 | Bazaar   | Bought a potion of mutation for 42 gold pieces
 41636 | Bazaar   | Bought a potion of might for 68 gold pieces
 41636 | Bazaar   | Bought a potion of might for 68 gold pieces
 41636 | Bazaar   | Bought a potion of mutation for 42 gold pieces
 41636 | Bazaar   | Bought a potion of might for 68 gold pieces
 41636 | Bazaar   | Bought 2 potions of cure mutation for 850 gold pieces
 41636 | Bazaar   | Bought a potion of curing for 51 gold pieces
 41636 | Bazaar   | Bought a potion of magic for 136 gold pieces
 41651 | Bazaar   | Bought a scroll of immolation for 52 gold pieces
 42204 | Elf:1    | Identified the Compendium of Evil Magic
 42216 | Elf:1    | Learned a level 2 spell: Blink
 42640 | Elf:2    | Found Fijanus's Armour Boutique.
 42743 | Elf:2    | Found a ruined gateway.
 42755 | Desolati | Entered the Desolation of Salt
 42790 | Desolati | Got a scintillating wooden ring
 42792 | Desolati | Identified the ring "Pepolur" {EV+3 Str+5} (You found it in the Desolation of Salt)
 42795 | Desolati | Identified the Catalogue of Lethal Poisoning
 42798 | Desolati | Got a sparkling granite ring
 42800 | Desolati | Identified the ring of Sola {rElec rPois rC+ Int+6} (You found it in the Desolation of Salt)
 42870 | Desolati | Got a pair of dazzling gloves
 42881 | Desolati | Identified the cursed +0 pair of gloves "Sowior" {rElec rF- rN+} (You found it in the Desolation of Salt)
 42896 | Desolati | Identified the Papyrus of Arcane Weapons
 42913 | Desolati | Got a transparent marble ring
 42917 | Desolati | Identified the ring "Zivoh" {rC+ rN+ Int+2} (You found it in the Desolation of Salt)
 42993 | Desolati | Reached skill level 15 in Invocations
 43071 | Desolati | Got a crude pewter ring
 43073 | Desolati | Identified the ring of Dishonesty {Str+3 SInv Stlth+} (You found it in the Desolation of Salt)
 43076 | Desolati | Identified the Handbook of Damaging Fire
 43081 | Desolati | Got a heavily runed golden amulet
 43082 | Desolati | Identified the amulet "Lihirok" {Faith rElec MP-9 Int+8 Stlth+} (You found it in the Desolation of Salt)
 43089 | Desolati | Identified Neguil's Handbook of Igneous Battle Magic
 43583 | Elf:2    | Found Gayteem's Assorted Antiques.
 43585 | Elf:2    | Found Icso's Weapon Shop.
 43587 | Elf:2    | Found Cidd's Book Boutique.
 43599 | Elf:2    | Bought a scroll of magic mapping for 147 gold pieces
 43645 | Elf:2    | Found a runed gate.
 43645 | Elf:2    | Found a runed gate.
 43645 | Elf:2    | Found a runed gate.
 44255 | Elf:3    | Entered Level 3 of the Elven Halls
 44255 | Elf:3    | Found a radiant altar of Vehumet.
 44435 | Elf:3    | Reached XP level 23. HP: 219/219 MP: 35/35
 44686 | Elf:3    | Noticed Mara
 44909 | Elf:3    | Got a vibrating turquoise ring
 45037 | Elf:3    | Found Wisali Noaf's Antique Armour Emporium.
 45171 | Elf:3    | Noticed Theye's illusion
 45198 | Elf:3    | Killed Mara
 45453 | Elf:3    | Identified the ring of Equilibrium {+Fly rPois MP+9 Str+2 Int-2 Dex+4} (You found it on level 3 of the Elven Halls)
 45541 | Elf:3    | Identified Adadwil's Incunabulum of Creative Arcane Weapons
 45798 | Elf:3    | Got a bloodstained plate armour
 45809 | Elf:3    | Identified the +2 plate armour of Hide-and-Seek {rElec Str-3 Int+9 Dex-5} (You took it off a deep elf master archer on level 3 of the Elven Halls)
 46199 | Shoals:3 | Found an ancient bone altar of Kikubaaqudgha.
 46351 | Shoals:3 | Reached skill level 10 in Air Magic
 46438 | Shoals:3 | Found Fabbotse's Magic Scroll Emporium.
 46459 | Shoals:3 | Bought a scroll of teleportation for 45 gold pieces
 46459 | Shoals:3 | Bought a scroll of teleportation for 45 gold pieces
 46579 | Shoals:3 | Found a deep blue altar of Sif Muna.
 46891 | Shoals:4 | Entered Level 4 of the Shoals
 46906 | Shoals:4 | Noticed Ilsuiw
 46915 | Shoals:4 | Killed Ilsuiw
 47069 | Shoals:4 | Identified the Catalogue of Poisonous Talismans
 47238 | Shoals:4 | Noticed Polyphemus
 47254 | Shoals:4 | Killed Polyphemus
 47446 | Shoals:4 | Identified Sif Muna's Almanac of Cankerous Evil
 47544 | Shoals:4 | Reached XP level 24. HP: 194/231 MP: 36/36
 47678 | Shoals:4 | Got a barnacled rune of Zot
 48312 | Depths:1 | Entered Level 1 of the Depths
 48923 | Depths:1 | Found a gateway to Hell.
 49239 | Depths:2 | Reached skill level 16 in Invocations
 49631 | Depths:2 | Reached skill level 10 in Spellcasting
 50244 | Depths:2 | Gained mutation: Your spells are a little harder to cast, but a little more powerful. [potion of beneficial mutation]
 50456 | Depths:2 | Got a transparent platinum ring
 50534 | Depths:2 | Identified the ring of Okiph {Str+3 Stlth+} (You took it off an ogre mage on level 2 of the Depths)
 50637 | Depths:2 | Reached XP level 25. HP: 241/241 MP: 37/37
 50973 | Depths:3 | Reached skill level 10 in Necromancy
 51202 | Depths:3 | Found a one-way gate to the infinite horrors of the Abyss.
 51467 | Depths:3 | Found a large runed door.
 51468 | Depths:3 | Found a large runed door.
 52344 | Depths:3 | Got a shimmering diamond amulet
 52507 | Depths:4 | Identified the amulet of Usie {Fragile rN+ Regen+ Str+4} (You took it off a guardian mummy on level 3 of the Depths)
 52532 | Depths:4 | Found a snail-covered altar of Cheibriados.
 52891 | Depths:4 | Reached XP level 26. HP: 126/249 MP: 38/38
 53333 | Depths:4 | Paralysed by a floating eye for 3 turns
 53340 | Depths:4 | Reached skill level 17 in Invocations
 53384 | Depths:4 | Noticed a juggernaut
 53384 | Depths:4 | a juggernaut changed into a hellephant
 53393 | Depths:4 | Noticed a shard shrike
 53393 | Depths:4 | a hellephant changed into a shard shrike
 53404 | Depths:4 | Killed a shard shrike
 53758 | Depths:4 | Found a gateway to a ziggurat.
 53758 | Depths:4 | Noticed an ancient lich
 53767 | Depths:4 | Killed an ancient lich
 53954 | Depths:4 | Got a slimy emerald amulet
 54173 | Depths:4 | Identified the amulet "Tuonk" {Reflect rC+ SH+6} (You found it on level 4 of the Depths)
 54192 | Depths:4 | Identified the Incunabulum of the Aerial Mountains
 54586 | Depths:5 | Entered Level 5 of the Depths
 55461 | Depths:5 | Reached XP level 27. HP: 228/260 MP: 39/39
 55599 | Depths:5 | Found a gate to the Realm of Zot.
 56137 | Vaults:5 | Entered Level 5 of the Vaults
 56137 | Vaults:5 | Noticed an ancient lich
 56153 | Vaults:5 | Killed an ancient lich
 56197 | Vaults:4 | Reached skill level 15 in Air Magic
 56327 | Vaults:4 | Identified a scroll of acquirement
 56597 | Vaults:5 | Noticed an ancient lich
 56871 | Vaults:4 | Killed an ancient lich
 56871 | Vaults:4 | Reached skill level 18 in Invocations
 57472 | Vaults:5 | Noticed Mennas
 57483 | Vaults:5 | Killed Mennas
 57539 | Vaults:5 | Reached skill level 19 in Invocations
 57766 | Vaults:5 | Reached skill level 15 in Spellcasting
 57928 | Vaults:5 | Identified the Catalogue of Mutagenic Poisoning
 57943 | Vaults:5 | Identified the Grimoire of Dark Contamination
 58058 | Vaults:5 | Got a jewelled scale mail
 58069 | Vaults:5 | Identified the +1 scale mail "Seugeino" {*Slow rPois rF+ Int+2} (You found it on level 5 of the Vaults)
 58387 | Vaults:5 | Got a smelly plate armour
 58398 | Vaults:5 | Identified the +6 plate armour "Fexaurch" {rC+} (You found it on level 5 of the Vaults)
 58627 | Vaults:5 | Got a silver rune of Zot
 59112 | Crypt:1  | Entered Level 1 of the Crypt
 59141 | Crypt:1  | Reached skill level 20 in Invocations
 60376 | Crypt:3  | Entered Level 3 of the Crypt
 60482 | Crypt:3  | Reached skill level 21 in Invocations
 61236 | Crypt:3  | Noticed an ancient lich
 61251 | Crypt:3  | Killed an ancient lich
 61471 | Crypt:3  | Noticed Jory
 61481 | Crypt:3  | Killed Jory
 61733 | Crypt:3  | Found a staircase to the Tomb.
 61747 | Crypt:3  | Noticed an ancient lich
 61756 | Crypt:3  | Killed an ancient lich
 61759 | Crypt:3  | Got a smoking turquoise ring
 61768 | Crypt:3  | Identified Cigotuvi's Incunabulum of Black Rituals
 61784 | Crypt:3  | Learned a level 8 spell: Necromutation
 61785 | Crypt:3  | Got a faintly glowing golden ring
 61787 | Crypt:3  | Identified the ring "Orourchung" {rF+ rN+ Str-4 Int+2 Dex+3} (You took it off a vampire knight on level 3 of the Crypt)
 61789 | Crypt:3  | Identified the ring "Ciatayd" {*Drain rN+ MP-9 Dex+7} (You found it on level 3 of the Crypt)
 61797 | Crypt:3  | Got a heavily runed brass ring
 61810 | Tomb:1   | Entered Level 1 of the Tomb of the Ancients
 62173 | Tomb:1   | Got a fine hat
 62184 | Tomb:1   | Identified the +1 hat "Pajemo" {+Blink Str+4} (You acquired it on level 1 of the Tomb of the Ancients)
 62259 | Tomb:1   | Reached skill level 22 in Invocations
 62398 | Tomb:1   | Noticed an ancient lich
 62654 | Tomb:1   | Noticed a greater mummy
 62667 | Tomb:1   | Killed a greater mummy
 63082 | Tomb:1   | Killed an ancient lich
 63446 | Crypt:3  | Identified the ring of Hepliaklqana's Delight {rN+ Int-2 Dex+5} (You found it on level 3 of the Crypt)
 64005 | Zot:1    | Entered Level 1 of the Realm of Zot
 64505 | Zot:1    | Reached skill level 23 in Invocations
 64529 | Zot:1    | Noticed an orb of fire
 64535 | Zot:1    | Gained mutation: You are clumsy. (Dex -2) [an orb of fire]
 64538 | Zot:1    | Noticed an orb of fire
 64538 | Zot:1    | Gained mutation: You are occasionally teleported next to monsters. [an orb of fire]
 64858 | Zot:1    | Noticed an orb of fire
 64885 | Zot:1    | Killed from afar by an orb of fire

Vault maps used:
D:1:      matt_arrival_spirals
D:3:      first_bread, xom_teletrap_fun, uniq_natasha
D:4:      minmay_overflow_temple_star_quad, grunt_decor_resistance
D:5:      serial_shops, shop, shop, shop, shop, nicolae_shop_window_shopping,
          grunt_ministairs_12, uniq_menkaure, uniq_crazy_yiuf_cottage
D:6:      uniq_pikel
D:8:      minmay_blocky_corners, lair_0_dummy, grunt_livestock,
          lightli_orcish_oven, uniq_psyche
D:9:      serial_shops, kennysheep_mini_moat
D:11:     minmay_orc_keep
D:12:     hiddenorc1_lemuel, hangedman_incinerator
D:13:     basic_altar
D:14:     ragdoll_tomb_raider, david_vaults_5, basic_altar,
          minmay_misc_feat_tiny, uniq_roxanne, uniq_rupert, uniq_kirke
D:15:     grunt_enter_depths_giant_problem
Temple:   regret_index_temple_mists
Lair:1:   serial_bayou_shore_a, uniq_gastronok, uniq_harold
Lair:2:   nicolae_quartered_pool_super, lemuel_fruit_tree
Lair:3:   minmay_shoals_entry_centaurs, guppyfry_snake_entry_island,
          portal_ice_cave_entry_pillars_1, serial_bayou_lagoon_a
Lair:4:   nicolae_volcano_entry_two_sided, grunt_megastairs_2, uniq_sonja
Lair:5:   special_room, serial_bayou_shore_b, grunt_megastairs_3
Lair:6:   hangedman_lair_caniforms_friends, guppyfry_lair_end_dragon,
          minmay_slime_entry_oklob_open
Shoals:1: serial_shops, nicolae_shop_temple_entry_statues_fountains,
          shop_fountains, shop, shop, uniq_josephine, uniq_nikola, uniq_frances
Shoals:3: serial_shops, shop, hangedman_feature_mirror
Shoals:4: shoals_end_grunt_ice, shoals_ilsuiw_alternative, uniq_polyphemus
Snake:1:  serial_shops, bzr_entry_water, serial_bayou_lake_a
Snake:2:  nicolae_snake_single_loop, serial_bayou_pond_c, nicolae_barding_shop
Snake:3:  st_stairs_6, uniq_aizul
Snake:4:  grunt_snake_rune_pools, serial_shops, shop, special_room,
          grunt_ministairs_4
Orc:1:    elves_outpost_lemuel
Orc:2:    pf_orc_diabolical, uniq_snorg, uniq_saint_roka
Elf:1:    serial_shops, bzr_entry_lakeside, minmay_elf_necromancy,
          eino_tiny_chamber, dk_noncrumbling_4, minmay_misc_feat_pillars
Elf:2:    portal_desolation_entry_salt, serial_shops, nicolae_shop_crystal,
          minmay_shop_star
Elf:3:    minmay_elf_hall_statues, serial_shops, shop, basic_altar, uniq_mara
Vaults:1: v_alt_pattern_2, hangedman_vaults_stream, vaults_mumra_hex,
          vaults_standard_mumra_x, v_misc_9, grunt_tower_of_power, v_pattern_3,
          v_alt_pattern_1, vaults_dpeg_cross
Vaults:2: nicolae_vaults_three_branches, ontoclasm_vaults_decontamination,
          nicolae_vaults_little_squares_3, nicolae_vaults_network_barrier,
          dpeg_vaults_monster_box, ontoclasm_vaults_pinch,
          ontoclasm_vaults_bender, nicolae_vaults_asterisk,
          ontoclasm_vaults_claustrophobia, hangedman_vaults_nodes,
          ontoclasm_vaults_chip, v_misc_24, nicolae_vaults_border_crossing,
          nicolae_vaults_little_squares_5, nicolae_vaults_little_squares_1,
          nicolae_vaults_little_squares_5
Vaults:3: nicolae_vaults_halls_meeting, minmay_crypt_entry_necro_gods,
          ontoclasm_vaults_chip, nicolae_vaults_yaktaur_gun_rack, v_misc_4,
          nicolae_vaults_rhombus_5, vaults_room_semicircle, v_rooms_2,
          vaults_room_pools, nicolae_vaults_what_the_h,
          ontoclasm_vaults_ring_square, serial_shops, bzr_firewalk,
          uniq_asterion, uniq_sojobo, uniq_jorgrun
Vaults:4: hangedman_vaults_river_flow, nicolae_vaults_circle_grid_b,
          ontoclasm_vaults_fault, nicolae_vaults_sealed_display,
          nicolae_vaults_alarming, vaults_standard_mumra_lines,
          grunt_vaults_trifunnel, minmay_guarded_unrand_secular_launcher,
          grunt_vaults_hallway_long, nicolae_vaults_little_squares_4
Vaults:5: serial_shops, uniq_mennas
Crypt:1:  grunt_crypt_arrival_webbed
Crypt:3:  quadcrypt_mu, uniq_jory
Depths:1: grunt_hell_entry_demonic_statue, kennysheep_generic_room_8,
          serial_bayou_shore_b
Depths:2: lemuel_castle_with_subvaults, grunt_hell_entry_dis_mu,
          minmay_fountain_box
Depths:3: lightli_eight_chambers, abyss_entry, pan_entry, wad_floor_pattern_1,
          hell_entry
Depths:4: nooodl_heptagram, enter_ziggurat_c, abyss_entry,
          pf_vacation_house_of_asmodeus, cheibriados_altar_1,
          basic_stair_grate_trap
Depths:5: evilmike_zot_entry_gauntlet, serial_sigils_hangedman_gut,
          hangedman_coc_ice_floe, glass_columns_b
Zot:1:    lemuel_lake_of_fire, grunt_megastairs_1
Bazaar:   bazaar_kb_twisted_cavern, bazaar_kb_twisted_cavern,
          bazaar_jpeg_honeycomb
IceCv:    ice_cave_caverns_02
Volcano:  volcano_village

Skill      XL: |  1  2  3  4  5  6  7  8  9 10 11 12 13 14 15 16 17 18 19 20 21 22 23 24 25 26 27 |
---------------+----------------------------------------------------------------------------------+-----
Shields        | 3 4 5 7 9 12 15 16 17 18 | 18.5
Long Blades    | 3 7 11 13 14 16 17 18 19 | 19.6
Maces & Flails | 2 5 8 10 11 12 13 | 13.0
Armour         | 3 5 6 7 8 9 10 11 | 11.4
Dodging        | 2 3 4 5 6 7 |  7.8
Fighting       | 4 5 6 8 9 10 11 14 15 16 17 | 17.8
Invocations    | 4 6 9 11 12 13 14 15 16 17 23 | 23.1
Air Magic      | 2 4 6 7 8 9 10 11 13 18 | 18.4
Conjurations   | 2 3 |  3.0
Spellcasting   | 3 5 6 7 8 9 10 11 12 16 | 16.7
Necromancy     | 3 5 7 8 9 10 11 | 11.4

Action                   |  1- 3 |  4- 6 |  7- 9 | 10-12 | 13-15 | 16-18 | 19-21 | 22-24 | 25-27 || total
-------------------------+-------+-------+-------+-------+-------+-------+-------+-------+-------++-------
Melee: Long sword        |   130 |   213 |   224 |       |       |       |       |       |       ||   567
       Whip              |       |       |   376 |  1186 |   488 |       |       |       |       ||  2050
       Constrict         |       |       |       |       |   219 |   313 |   301 |   354 |   437 ||  1624
       Demon blade       |       |       |       |       |   687 |  1307 |  1409 |  1558 |  2947 ||  7908
       Eudemon blade     |       |       |       |       |       |       |       |       |    44 ||    44
 Cast: Regeneration      |       |       |       |       |       |       |       |       |     1 ||     1
       Lightning Bolt    |       |       |       |       |       |       |       |       |     4 ||     4
Invok: Slouch            |       |       |       |     4 |    10 |    14 |    10 |     9 |    25 ||    72
       Step From Time    |       |       |       |       |       |       |       |       |     2 ||     2
       Bend Time         |       |       |       |       |       |       |       |       |     1 ||     1
 Abil: Spit Poison       |       |     2 |     8 |     1 |       |       |       |       |       ||    11
Evoke: Wand              |       |       |       |     1 |     7 |     3 |     1 |       |     6 ||    18
       Box of beasts     |       |       |       |       |       |       |       |       |     2 ||     2
       Sack of spiders   |       |       |       |       |       |       |       |       |     1 ||     1
       Phantom mirror    |       |       |       |       |       |       |       |       |     1 ||     1
  Use: Potion            |       |     2 |    11 |     1 |       |     4 |     3 |     2 |    12 ||    35
       Scroll            |       |       |     8 |    18 |    10 |    13 |    14 |    17 |    17 ||    97
 Stab: Invisible         |       |       |       |     3 |       |       |       |       |     4 ||     7
       Petrified         |       |       |       |       |     7 |       |       |       |       ||     7
       Petrifying        |       |       |       |       |     1 |       |       |       |       ||     1
       Confused          |       |       |       |       |       |       |       |     2 |       ||     2
       Distracted        |       |       |       |       |       |       |       |     1 |     1 ||     2
  Eat: Chunk             |     2 |     5 |     7 |     8 |     4 |     4 |     2 |     1 |     1 ||    34
       Bread ration      |       |       |     2 |       |       |       |     1 |       |     2 ||     5
       Fruit             |       |       |       |     2 |       |       |     1 |     1 |       ||     4
       Meat ration       |       |       |       |     2 |     2 |     1 |     1 |     5 |     5 ||    16
       Pizza             |       |       |       |     2 |       |     7 |     1 |       |     1 ||    11
       Beef jerky        |       |       |       |       |     3 |       |       |     2 |     1 ||     6
       Royal jelly       |       |       |       |       |       |     4 |     4 |       |     2 ||    10
Armor: Scale mail        |    56 |    82 |   165 |    93 |       |       |       |       |       ||   396
       Skin              |       |       |    13 |       |       |       |       |       |       ||    13
       Chain mail        |       |       |       |   120 |   347 |   484 |   400 |   443 |   895 ||  2689
Dodge: Dodged            |    37 |    51 |   114 |   333 |   387 |   394 |   291 |   269 |   622 ||  2498
Block: Shield            |    68 |   108 |   404 |   884 |   984 |  1235 |   547 |       |       ||  4230
       Reflection        |       |       |     1 |    18 |    38 |   181 |   170 |   217 |   216 ||   841
       Large shield      |       |       |       |       |       |    12 |  1016 |  1982 |  3968 ||  6978
